 Dungeon Crawl Stone Soup version 0.19-a0-1886-gd64a0f0 (webtiles) character file.

758 JeffiDaFish the Skirmisher (level 7, -2/61 HPs)
             Began as a Hill Orc Fighter on Oct 17, 2016.
             Slain by a gnoll sergeant
             ... wielding a +1 trident of flaming
              (3 damage)
             ... on level 3 of the Dungeon.
             The game lasted 00:10:45 (3329 turns).

JeffiDaFish the Skirmisher (Hill Orc Fighter)       Turns: 3329, Time: 00:10:45

Health: -2/61      AC: 11    Str: 20    XL:     7   Next: 80%
Magic:  7/7        EV: 13    Int:  8    God:
Gold:   198        SH:  9    Dex: 11    Spells: 0 memorised, 6 levels left

rFire  . . .     SeeInvis .     a - +0 long sword
rCold  . . .     Gourm    .     b - +1 scale mail
rNeg   . . .     Faith    .     c - +0 shield
rPois  .         Spirit   .     h - +0 helmet
rElec  .         Dismiss  .     (no cloak)
rCorr  +         Reflect  .     (no gloves)
MR     .....     Harm     .     (no boots)
Stlth  ..........               (no amulet)
                                k - +4 ring of evasion
                                n - ring of resist corrosion

@: no status effects
A: molten scales 1
a: no special abilities


You were on level 3 of the Dungeon.
You were not hungry.

You visited 1 branch of the dungeon, and saw 3 of its levels.

You collected 198 gold pieces.

Inventory:

Hand Weapons
 a - a +0 long sword (weapon)
Armour
 b - a +1 scale mail (worn)
 c - a +0 shield (worn)
 h - a +0 helmet (worn)
Jewellery
 e - an uncursed ring of fire
 g - an uncursed ring of protection from fire
 j - an uncursed ring of ice
 k - a +4 ring of evasion (right hand)
 n - a ring of resist corrosion (left hand)
 p - a +3 ring of evasion
Scrolls
 d - a scroll of identify
 i - 3 scrolls of remove curse
 q - a scroll of fear
 r - a scroll of teleportation
Comestibles
 f - 2 bread rations
 l - 8 chunks of flesh
 m - 5 fruits
 o - a beef jerky


   Skills:
 + Level 5.5 Fighting
 + Level 4.1 Long Blades
 + Level 5.2 Armour
 * Level 3.6 Dodging
 + Level 4.9 Shields


You had 6 spell levels left.
You didn't know any spells.

Dungeon Overview and Level Annotations

Branches:
Dungeon (3/15)

Altars:
Kikubaaqudgha
Ru


Innate Abilities, Weirdness & Mutations

You are partially covered in molten scales. (AC +2)


Message History

The gnoll sergeant is severely wounded.
The gnoll sergeant misses you.
You riposte.
You hit the gnoll sergeant but do no damage.
The gnoll sergeant is severely wounded.
The gnoll shaman calls upon its god to heal the gnoll sergeant.
The gnoll sergeant is healed somewhat.
Your shield prevents you from hitting the gnoll sergeant.
The gnoll sergeant is heavily wounded.
The gnoll sergeant hits you with a trident of flaming.
* * * LOW HITPOINT WARNING * * *
The gnoll sergeant burns you.
* * * LOW HITPOINT WARNING * * *
The gnoll shaman calls upon its god to heal the gnoll sergeant.
The gnoll sergeant is healed somewhat.
You block the gnoll sergeant's attack.
Your shield and scale mail prevent you from hitting the gnoll sergeant.
The gnoll sergeant is moderately wounded.
The gnoll sergeant hits you with a trident of flaming!
* * * LOW HITPOINT WARNING * * *
The gnoll sergeant burns you.
You die...

≈≈≈≈≈≈≈)≈≈≈≈≈))≈....≈≈≈≈≈≈≈≈≈≈≈≈≈
........(...)....................
###########......................
######.#.....#.........
#####.#.###.#.####.###
#...gg......#.##......
#.###g#.#...#.##...... *,*
#g#.#.#.#.##...... *,*
#@#...#.#.##...... *,*
#.#####.#.##...... *,*
#.......#.##...... ****** *,*
#########.##.[.... *,,,,*
*,***,,,,,* #.##......
**,,,,******,,,,,,,,,* #.........
*<,,,,,,,,,,,,,,,***** ####.....)
**,,,,******,,,,,,,,***####......
*,,,,* *,,,,,,,,,,,,....).....


You could see a gnoll sergeant, a gnoll shaman and 2 gnolls.

Vanquished Creatures
  Grinder (D:3)
  Sigmund (D:3)
  2 hounds (D:2)
  Ijyb (D:3)
  An orc wizard (D:3)
  16 gnolls
  4 adders
  3 worms
  3 dart slugs
  2 leopard geckos (D:1)
  3 orcs (D:3)
  2 ball pythons (D:3)
  5 bats
  2 giant cockroaches
  7 goblins
  8 hobgoblins
  20 jackals
  A quokka (D:3)
  4 frilled lizards
  7 kobolds
  9 rats
102 creatures vanquished.

Notes
Turn   | Place    | Note
-------+----------+-------------------------------------------
     0 | D:1      | JeffiDaFish the Hill Orc Fighter began the quest for the Orb.
     0 | D:1      | Reached XP level 1. HP: 19/19 MP: 1/1
   127 | D:1      | Reached XP level 2. HP: 18/27 MP: 2/2
   513 | D:1      | Reached XP level 3. HP: 32/33 MP: 3/3
  1053 | D:2      | Reached skill level 1 in Dodging
  1053 | D:2      | Reached XP level 4. HP: 35/41 MP: 4/4
  1068 | D:2      | Reached XP level 5. HP: 16/47 MP: 5/5
  1807 | D:2      | Gained mutation: You are partially covered in molten scales. (AC +2) [potion of beneficial mutation]
  2012 | D:3      | Found a sacrificial altar of Ru.
  2043 | D:3      | Noticed Sigmund
  2077 | D:3      | Killed Sigmund
  2077 | D:3      | Reached XP level 6. HP: 22/55 MP: 6/6
  2265 | D:3      | Found an ancient bone altar of Kikubaaqudgha.
  2289 | D:3      | Noticed Grinder
  2337 | D:3      | Paralysed by Grinder for 4 turns
  2349 | D:3      | Paralysed by Grinder for 6 turns
  2366 | D:3      | Killed Grinder
  2366 | D:3      | Reached skill level 5 in Fighting
  2366 | D:3      | Reached XP level 7. HP: 16/61 MP: 7/7
  2783 | D:3      | Noticed Ijyb
  2834 | D:3      | Killed Ijyb
  3081 | D:3      | Reached skill level 5 in Armour
  3329 | D:3      | HP: 1/61 [gnoll sergeant/trident of flaming (7)]
  3329 | D:3      | Slain by a gnoll sergeant

Vault maps used:
D:1:      dpeg_arrival_rooms_c
D:2:      cheibrodos_gnoll_hut
D:3:      lemuel_castle_with_subvaults, nicolae_ru_great_annihilating_truth,
          nicolae_overflow_hidden_temple, uniq_grinder, uniq_sigmund, uniq_iyjb

Skill      XL: |  1  2  3  4  5  6  7 |
---------------+----------------------+-----
Fighting       | 4 5 |  5.5
Armour         | 4 5 |  5.2
Dodging        | 1 2 3 |  3.6
Shields        | 4 |  4.9
Long Blades    | 3 4 |  4.1

Action                   |  1- 3 |  4- 6 |  7- 9 || total
-------------------------+-------+-------+-------++-------
Melee: Long sword        |   124 |   128 |   170 ||   422
  Use: Scroll            |     2 |     3 |     2 ||     7
       Potion            |     1 |     6 |     1 ||     8
 Stab: Paralysed         |       |     1 |       ||     1
  Eat: Chunk             |     1 |     4 |     4 ||     9
Armor: Scale mail        |    57 |    59 |    58 ||   174
Dodge: Dodged            |    51 |    83 |   118 ||   252
Block: Shield            |    56 |    72 |   113 ||   241
       Rpst.: Long sword |    14 |    21 |    40 ||    75
